 Dungeon Crawl Stone Soup version 0.28-a0-503-g83f2989fac (webtiles) character file.

Game seed: 15909649125962731367

55 CraigForest the Twirler (level 3, 0/46 HPs)
             Began as a Minotaur Gladiator on Sept 20, 2021.
             Succumbed to a kobold brigand's poison
             ... in a sewer.
             The game lasted 00:10:33 (2003 turns).

CraigForest the Twirler (Minotaur Gladiator)        Turns: 2003, Time: 00:10:34

Health: 0/46       AC: 21    Str: 18    XL:     3   Next: 67%
Magic:  2/2        EV:  2    Int:  5    God:
Gold:   145        SH:  0    Dex: 12    Spells: 2/2 levels left

rFire   + . .      SeeInvis .   a - +0 quarterstaff
rCold   + + .      Faith    .   (shield currently unavailable)
rNeg    + + +      Spirit   .   (armour currently unavailable)
rPois   +          Reflect  .   (helmet currently unavailable)
rElec   +          Harm     .   (cloak currently unavailable)
rCorr   +          Rampage  .   (gloves currently unavailable)
Will    .....      NoTele   +   (boots currently unavailable)
Stlth   +.........              (no amulet)
HPRegen 0.15/turn               v - ring of protection from cold
MPRegen 0.08/turn               (no ring)

@: lethally poisoned (0 -> -4), tree-form, resistant, hasted, slow
A: stationary, stasis, torment immunity, boosted hp, (horns 2), (retaliatory
headbutt)
a: no special abilities


You were in a sewer.
You were a tree.
You visited 1 branch of the dungeon, and saw 3 of its levels.
You also visited: Sewer.

You collected 145 gold pieces.

Inventory:

Hand Weapons
 a - a +0 quarterstaff (weapon)
 b - a +0 war axe
 s - a +2 dagger of speed
Missiles
 d - 3 throwing nets
 e - 9 arrows
 j - 35 stones (quivered)
 l - 27 poisoned darts
 m - 48 sling bullets
 u - 15 bolts
Armour
 c - a +0 hat (melded)
 i - a +0 pair of gloves (melded)
 p - a +0 ring mail (melded)
 t - a +0 leather armour
Jewellery
 v - a ring of protection from cold (left branch)
Wands
 h - a wand of polymorph (11)
Scrolls
 q - a scroll of identify {unknown}
 r - a scroll of vulnerability {unknown}
Potions
 n - 2 potions of haste


   Skills:
 + Level 3.6 Fighting
 - Level 4.0 Staves
 - Level 2.0 Throwing
 - Level 4.0 Dodging
 - Level 1.0 Evocations


You had 2 spell levels left.
You didn't know any spells.
Your spell library contained the following spells:

 Spells                   Type           Power      Damage    Failure   Level
 Gell's Gravitas          Tloc           0%         N/A       85%         3
 Teleport Other           Tloc           0%         N/A       85%         3
 Dispersal                Tloc           0%         N/A       100%        6


Dungeon Overview and Level Annotations

Branches:
Dungeon (3/15)              Sewer (1/1)

Altars:
Dithmenos


Innate Abilities, Weirdness & Mutations

You are a tree.
Your roots penetrate the ground, keeping you stationary.
You cannot be teleported.
You are immune to unholy pain and torment.
Your maximum health is greatly increased.
Your equipment is partially melded.
((You have a pair of horns on your head.))
((You reflexively headbutt those who attack you in melee.))


Message History

The kobold brigand hits you but does no damage.
The river rat bites you!
* * * LOW HITPOINT WARNING * * *
The kobold brigand throws a poisoned dart.
The poisoned dart hits you!
You are lethally poisoned!
The river rat bites you but does no damage.
The kobold brigand throws a poisoned dart.
The poisoned dart closely misses you.
As you read the scroll of fear, it crumbles to dust.
You assume a fearsome visage.
The kobold brigand looks frightened!
The kobold looks frightened!
The river rat looks frightened!
The kobold looks frightened!
* * * LOW HITPOINT WARNING * * *
You feel very sick.
The kobold brigand begs for mercy.
It was a potion of haste.
You feel yourself speed up.
* * * LOW HITPOINT WARNING * * *
You feel sick.
It was a potion of lignification.
You turn into a tree.
Your +0 hat melds into your body.
Your +0 pair of gloves melds into your body.
Your +0 ring mail melds into your body.
Your roots penetrate the ground.
* * * LOW HITPOINT WARNING * * *
You feel sick.
It was a potion of resistance.
You feel protected.
* * * LOW HITPOINT WARNING * * *
You feel sick.
As you read the scroll labelled KAPHIA IFOTE, it crumbles to dust.
The creatures around you are filled with an inner flame!
It was a scroll of immolation.
* * * LOW HITPOINT WARNING * * *
You feel sick.
Throw: 36 stones
Press: ? - help, Q - select action, (/) - cycle Shift-Dir - straight line, f - kobold brigand
Aim: a kobold brigand, wielding a +0 short sword and quivering poisoned darts (heavily wounded, inner flame, fleeing, 51% to hit)
You throw a stone.
The stone closely misses the kobold brigand.
You die...

###≈≈.≈≈.≈≈.###
##≈≈≈.≈≈≈≈≈≈≈≈.##
#..≈≈≈#####≈≈≈..#
#..≈≈## ##..≈≈#
#.≈≈## ##..≈#
#.≈≈# #...# #≈≈.#
#≈≈.# ##≈≈.##
##≈≈≈# #♣≈.≈≈#
#≈.≈.. #≈###K#
#†###≈ #≈# #≈#
#≈# #. #≈# #≈#
##≈###≈ ≈K≈ ≈..
#≈≈≈#≈≈ ≈#≈ ≈#K
#≈#≈#≈# #K ≈#r ≈#
#≈#≈#≈# #≈ ≈#≈ ≈#
#≈#≈#≈# #. .#. .#
#.#.#.#


You could see a kobold brigand (inner flame, fleeing) and 2 kobolds.

Vanquished Creatures
  An adder (D:3)
  A worm (D:3)
  3 bats
  8 endoplasms
  2 giant cockroaches
  2 hobgoblins
  2 jackals (D:2)
  3 quokkas
  2 ball pythons (D:2)
  2 frilled lizards (D:2)
  2 goblins (D:1)
  5 kobolds
  10 rats
43 creatures vanquished.

Vanquished Creatures (others)
  A plant (D:1)
1 creature vanquished.

Grand Total: 44 creatures vanquished

Notes
Turn   | Place    | Note
-------+----------+-------------------------------------------
     0 | D:1      | CraigForest the Minotaur Gladiator began the quest for the
                  | Orb.
     0 | D:1      | Reached XP level 1. HP: 18/18 MP: 0/0
   225 | D:1      | Reached XP level 2. HP: 25/26 MP: 1/1
   234 | D:1      | Found a faded altar of an unknown god.
  1316 | D:2      | Reached XP level 3. HP: 31/31 MP: 2/2
  1343 | D:2      | Found a shadowy altar of Dithmenos.
  1613 | D:3      | Reached skill level 1 in Evocations
  1670 | D:3      | Found a glowing drain.
  1696 | Sewer    | Entered a sewer
  1984 | Sewer    | Noticed a kobold brigand
  2001 | Sewer    | HP: 2/46 [poisoned by a kobold brigand]
  2003 | Sewer    | Succumbed to a kobold brigand's poison

Illustrated notes

Levels and vault maps discovered:
D:1:      tarquinn_simple_flora_water_f, layout_loops_ring,
          hellmonk_ecumenical_altar_lost_god
D:2:      layout_loops_corners, basic_altar, minmay_hexomino_f4
D:3:      layout_rooms, gup_sewer_entry_bowl
Sewer:    sewer_co_tree

Skill      XL: |  1  2  3 |
---------------+----------+-----
Staves         | 4 |  4.0
Fighting       | 3 |  3.6
Dodging        | 4 |  4.0
Evocations     | 1 |  1.0
Throwing       | |  2.0

Action                   || total
-------------------------++-------
Melee: Quarterstaff      ||    83
       Headbutt          ||    10
Throw: Stone             ||     1
  Use: Scroll            ||     3
       Potion            ||     3
Armor: Leather armour    ||     9
       Ring mail         ||    12
Dodge: Dodged            ||    46

Table legend: (Time is in decaauts)
 A = Elapsed time spent in this place.
 B = Non-inter-level travel time spent in this place.
 C = Inter-level travel time spent in this place.
 D = Time resting spent in this place.
 E = Time spent auto-exploring this place.
 F = Levels seen in this place.
 G = Mean time per level.
                   A        B        C        D        E       F      G
               +--------+--------+--------+--------+--------+-----+--------+
         Total |   2040 |   2004 |     36 |      0 |   1323 |   4 |  510.0 |
       Dungeon |   1707 |   1671 |     36 |      0 |   1039 |   3 |  569.0 |
         Sewer |    333 |    333 |      0 |      0 |    284 |   1 |  333.0 |
               +--------+--------+--------+--------+--------+-----+--------+

Top non-repeatable levels by time:
     D:2: 907 daAuts
     D:1: 694 daAuts
   Sewer: 333 daAuts
     D:3: 105 daAuts
